 Dungeon Crawl Stone Soup version 0.27-a0-909-g0721f309d1 (webtiles) character file.

Game seed: 943727474995374794

35 kae the Ruffian (level 3, -1/28 HPs)
             Began as a Demonspawn Gladiator on Apr 8, 2021.
             Succumbed to an adder's poison
             ... on level 1 of the Dungeon.
             The game lasted 00:00:48 (1718 turns).

kae the Ruffian (Demonspawn Gladiator)              Turns: 1718, Time: 00:00:49

Health: -1/28      AC:  4    Str: 15    XL:     3   Next: 17%
Magic:  3/3        EV: 12    Int:  9    God:
Gold:   55         SH:  0    Dex: 14    Spells: 2/2 levels left

rFire    . . .     SeeInvis .     - Unarmed
rCold    . . .     Faith    .   (no shield)
rNeg     . . .     Spirit   .   a - +0 leather armour
rPois    .         Reflect  .   b - +0 helmet
rElec    .         Harm     .   (no cloak)
rCorr    .         Rampage  .   (no gloves)
Will     .....                  (no boots)
Stlth    +.........             (no amulet)
HPRegen  0.09/turn              e - ring of flight
MPRegen  0.08/turn              (no ring)

@: lethally poisoned (-1 -> -8), flying, hasted, very quick
A: demonic guardian 1
a: no special abilities


You were on level 1 of the Dungeon.
You visited 1 branch of the dungeon, and saw 2 of its levels.

You collected 55 gold pieces.

Inventory:

Missiles
 c - 3 throwing nets (quivered)
Armour
 a - a +0 leather armour (worn)
 b - a +0 helmet (worn)
Jewellery
 e - a ring of flight (left hand)


   Skills:
 + Level 2.4 Fighting
 - Level 1.7 Throwing
 + Level 3.0 Dodging
 * Level 3.3 Unarmed Combat


You had 2 spell levels left.
You didn't know any spells.
Your spell library was empty.

Dungeon Overview and Level Annotations

Branches:
Dungeon (2/15)

Altars:


Innate Abilities, Weirdness & Mutations

A weak demonic guardian rushes to your aid.


Message History

The adder bites you but does no damage.
You closely miss the ball python. The bat hits you but does no damage.
The ball python misses you. The ball python constricts you.
The hobgoblin closely misses you. The adder bites you.
The ball python barely misses you. The ball python constricts you.
The bat hits you but does no damage.
You barely miss the ball python. The bat closely misses you.
The bat barely misses you. The adder bites you.
You are poisoned.
The adder poisons you! The hobgoblin barely misses you.
The ball python barely misses you. The ball python constricts you.
You are too injured to fight recklessly!
You escape the ball python's grasp.
You feel sick. The bat barely misses you.
The adder bites you but does no damage.
The hobgoblin hits you but does no damage.
You fly upwards.
You feel sick.
There is a stone staircase leading down here.
You hit the ball python but do no damage.
You feel sick. The adder closely misses you. The ball python barely misses you.
The ball python grabs you. The ball python constricts you.
The hobgoblin hits you but does no damage.
The adder completely misses you. The ball python bites you.
The ball python constricts you.
You hit the ball python.
You kill the ball python!
You feel sick. The hobgoblin hits you.
* * * LOW HITPOINT WARNING * * *
A demonic guardian appears!
The adder bites you but does no damage.
You feel sick. The adder closely misses you. The hobgoblin misses you.
Your shadow imp hits the hobgoblin but does no damage.
You see here a ball python corpse.
You feel yourself speed up.
You feel sick.
You are no longer poisoned.
The adder bites you.
* * * LOW HITPOINT WARNING * * *
You are lethally poisoned!
The adder poisons you! The hobgoblin completely misses you.
Your shadow imp gestures at the hobgoblin.
The hobgoblin writhes in agony.
You die...

#.##..# #.##..#
#############..#..#
#.........#....#..#
#.#######.#.##....# #'####
#.#.......# .....#
#.#.#.....# ####### .....#
#......#5.# #.....# .....#
#......#@g# #.###.# .....#
#......#†># #.# #.# #.####
#......#.S# #(# #.# #.#
########..# #.###.# #.#####
#..# #.#...# #.....# #..#
#.#.###
#####.##########..#####.#.#
#.#....†.(..........#.#
#.#.#################.#


You could see an adder, a hobgoblin (ally target) and a friendly shadow imp
(summoned).

Vanquished Creatures
  2 endoplasms
  5 hobgoblins
  8 jackals
  A kobold (D:2)
  2 quokkas (D:1)
  5 ball pythons
  A bat (D:1)
  2 frilled lizards
  2 rats
28 creatures vanquished.

Vanquished Creatures (collateral kills)
  A jackal (D:2)
  2 bats (D:2)
3 creatures vanquished.

Grand Total: 31 creatures vanquished

Notes
Turn   | Place    | Note
-------+----------+-------------------------------------------
     0 | D:1      | kae the Demonspawn Gladiator began the quest for the Orb.
     0 | D:1      | Reached XP level 1. HP: 16/16 MP: 1/1
   129 | D:1      | Found a faded altar of an unknown god.
   323 | D:1      | Gained mutation: A weak demonic guardian rushes to your
                  | aid. [demonic ancestry]
   323 | D:1      | Reached XP level 2. HP: 22/22 MP: 2/2
  1273 | D:2      | Reached XP level 3. HP: 22/28 MP: 3/3
  1717 | D:1      | HP: 1/28 [adder (2)]
  1718 | D:1      | Succumbed to an adder's poison

Illustrated notes

Levels and vault maps discovered:
D:1:      doesnt_arrival_eight_statues, layout_basic,
          chequers_ecumenical_altar_simple_redux
D:2:      layout_basic

Skill      XL: |  1  2 |
---------------+-------+-----
Unarmed Combat | 3 |  3.3
Dodging        | 3 |  3.0
Fighting       | |  2.4
Throwing       | |  1.7

Action                   || total
-------------------------++-------
Melee: Unarmed           ||   141
       Punch             ||     1
  Use: Scroll            ||     1
       Potion            ||     1
Armor: Leather armour    ||    73
Dodge: Dodged            ||   141

Table legend: (Time is in decaauts)
 A = Elapsed time spent in this place.
 B = Non-inter-level travel time spent in this place.
 C = Inter-level travel time spent in this place.
 D = Time resting spent in this place.
 E = Time spent auto-exploring this place.
 F = Levels seen in this place.
 G = Mean time per level.
                   A        B        C        D        E       F      G
               +--------+--------+--------+--------+--------+-----+--------+
         Total |   1710 |   1649 |     61 |    538 |    878 |   2 |  855.0 |
       Dungeon |   1710 |   1649 |     61 |    538 |    878 |   2 |  855.0 |
               +--------+--------+--------+--------+--------+-----+--------+

Top non-repeatable levels by time:
     D:1: 1122 daAuts
     D:2: 588 daAuts
